 Dungeon Crawl Stone Soup version 0.32-a0-699-g1ee5eff69a (webtiles) character file.

Game seed: 3123315286244020766

55 Berder the Sneak (level 3, -5/28 HPs)
             Began as a Naga Fire Elementalist on Mar 13, 2024.
             Splashed by a jelly's acid (8 damage)
             ... on level 3 of the Dungeon.
             The game lasted 00:05:10 (2206 turns).

Berder the Sneak (Naga Fire Elementalist)           Turns: 2206, Time: 00:05:10

Health: -5/28      AC: -2    Str: 10    XL:     3   Next: 93%
Magic:  4/6        EV:  9    Int: 17    God:
Gold:   155        SH:  0    Dex: 11    Spells: 3/6 levels left

rFire   + . .        d - +0 short sword
rCold   . . .        (no shield)
rNeg    . . .        a - +0 robe
rPois   +            (no helmet)
rElec   .            (no cloak)
rCorr   .            (no gloves)
SInv    +            (no barding)
Will    .....        (no amulet)
Stlth   ++           e - ring of protection from fire
HPRegen 0.24/turn    (no ring)
MPRegen 0.10/turn

%: no passive effects
@: corroded, very slightly contaminated, very slow
A: AC +1, large, see invisible, deformed body, poison resistance, slowness 2,
spit poison 1, naga tail 1
a: Spit Poison


You were on level 3 of the Dungeon.
You visited 1 branch of the dungeon, and saw 3 of its levels.

You collected 155 gold pieces.

Inventory:

Hand Weapons
 d - a +0 short sword (weapon)
Armour
 a - a +0 robe (worn)
Jewellery
 e - a ring of protection from fire (left hand)
Scrolls
 c - 4 scrolls of identify {unknown}
 g - a scroll of torment {unknown}
 k - a scroll of blinking {unknown}
 l - 2 scrolls of teleportation {unknown}
 n - a scroll of poison {unknown}
Potions
 f - 2 potions of haste {unknown}
 h - a potion of invisibility {unknown}
 i - a potion of curing {unknown}
 j - a potion of lignification {unknown}
 m - a potion of attraction {unknown}


   Skills:
 - Level 1.9 Dodging
 - Level 3.6 Stealth
 - Level 2.2 Spellcasting
 + Level 2.5 Conjurations
 - Level 3.2 Fire Magic


You had 3 spell levels left.
You knew the following spells:

 Your Spells              Type           Power      Damage    Failure   Level
a - Foxfire               Conj/Fire      44%        2x1d6     6%          1
b - Scorch                Fire           26%        2d6       8%          2

Your spell library contained the following spells:

 Spells                   Type           Power      Damage    Failure   Level
 Momentum Strike          Conj/Tloc      12%        3d8       17%         2
 Blink                    Tloc           2%         N/A       28%         2
 Ensorcelled Hibernation  Hex/Ice        2%         N/A       28%         2
 Lesser Beckoning         Tloc           2%         N/A       28%         2
 Inner Flame              Hex/Fire       7%         N/A       28%         3
 Volatile Blastmotes      Fire/Tloc      14%        2d11      28%         3
 Passwall                 Erth           1%         N/A       50%         3
 Swiftness                Air            1%         N/A       50%         3
 Flame Wave               Conj/Fire      11%        2d6       50%         4


Dungeon Overview and Level Annotations

Branches:
Dungeon (3/15)

Altars:


Innate Abilities, Weirdness & Mutations

Your serpentine skin is tough. (AC +1)
You have supernaturally acute eyesight. (SInv)
Armour fits poorly on your strangely shaped body.
Your system is resistant to poisons. (rPois)
You cover ground very slowly.
You can spit poison.
You have a snake-like lower body.


Message History

The hobgoblin is almost dead.
The hobgoblin is no longer more vulnerable to fire.
The hobgoblin closely misses you.
You hit the hobgoblin.
You kill the hobgoblin!
Unknown command. 0; Fireball; 0 x2; ; 0; Bombard; 0 x2; ; 0; Airstrike; 0 x2; ; 0; Shock; 0 x2; 0; Stone arrow; 0 x2; ; 0; Fire storm uncastable; 0 x2; ; 0; Starburst; 0 x2; 0; Poisonous vapours; 0 x2; ; 0; Ignition; 0 x2; ; 2.82; Foxfire; 0 x2; ; 7 Scorch; 0 x2; You miscast Scorch.
You are very lightly contaminated with residual magic.
Nothing appears to happen. 0; Fireball; 0 x2; ; 0; Bombard; 0 x2; ; 0; Airstrike; 0 x2; ; 0; Shock; 0 x2; 0; Stone arrow; 0 x2; ; 0; Fire storm uncastable; 0 x2; ; 0; Starburst; 0 x2; 0; Poisonous vapours; 0 x2; ; 0; Ignition; 0 x2; ; 2.82; Foxfire; 0 x2; ; 7 Scorch; 0 x2; Flames lash the jelly.
The jelly is moderately wounded.
The jelly's fire resistance burns away.
You hit the jelly.
Your hands burn!
The jelly is heavily wounded.
The jelly hits you.
You are splashed with acid!
Magic courses through your body. The jelly hits you. The acid corrodes you!
You are splashed with acid!
* * * LOW HITPOINT WARNING * * *
0; Fireball; 0 x2; ; 0; Bombard; 0 x2; ; 0; Airstrike; 0 x2; ; 0; Shock; 0 x2; 0; Stone arrow; 0 x2; ; 0; Fire storm uncastable; 0 x2; ; 0; Starburst; 0 x2; 0; Poisonous vapours; 0 x2; ; 0; Ignition; 0 x2; ; 1.41; Foxfire; 0 x2; ; 10.5 Scorch; 0 x2; You are too injured to fight recklessly!
Unknown command.
Casting: Scorch (safe; 8% risk of failure)
Confirm with . or Enter, or press ? or * to list all spells.
Flames lash the jelly.
The jelly is burned terribly!
The jelly is almost dead.
The jelly hits you.
* * * LOW HITPOINT WARNING * * *
The acid corrodes you!
You are splashed with acid!
You die...

#..######.#.#
#.<# #.#.#
#.#######.# .
#..........
..
#.#######.#
#. #.# #.# ..
#.# #.. #.#
.# #@# #. #J#
. #.# .# #
#.#####.#.###
#....J>....!.
##....(...##
#.....#..#
#.....# .#
#.....#


You could see a jelly (combustible).

Vanquished Creatures
  An adder (D:2)
  A dart slug (D:1)
  2 ribbon worms
  2 ball pythons
  5 endoplasms
  4 goblins
  6 hobgoblins
  5 kobolds
  2 quokkas (D:2)
  3 bats (D:2)
  2 frilled lizards
  A rat (D:1)
34 creatures vanquished.

Vanquished Creatures (others)
  52 foxfires
52 creatures vanquished.

Grand Total: 86 creatures vanquished

Notes
Turn   | Place    | Note
-------+----------+-------------------------------------------
     0 | D:1      | Berder the Naga Fire Elementalist began the quest for the
                  | Orb.
     0 | D:1      | Reached XP level 1. HP: 15/15 MP: 3/3
   214 | D:1      | Reached XP level 2. HP: 22/22 MP: 3/5
   984 | D:2      | Reached XP level 3. HP: 11/28 MP: 3/6
  1118 | D:2      | Learned a level 2 spell: Scorch
  2206 | D:3      | Splashed by a jelly's acid

Illustrated notes

Levels and vault maps discovered:
D:1:      shiori_arrival_whats_in_store_for_you, layout_loops_ring,
          chequers_serial_rivers_room_a
D:2:      layout_basic
D:3:      layout_basic, nemelex_spade_bored_becter, ebering_ghost_rock_garden

Skill      XL: |  1  2  3 |
---------------+----------+-----
Conjurations   | 2 |  2.5
Dodging        | |  1.9
Stealth        | |  3.6
Spellcasting   | |  2.2
Fire Magic     | |  3.2

Action                     || total
---------------------------++-------
  Melee: Unarmed           ||     1
         Short sword       ||    43
   Cast: Foxfire           ||    34
         Scorch            ||    13
Ability: Spit Poison       ||    17
    Use: Potion            ||     1
   Stab: Distracted        ||     1
 Armour: Robe              ||    45
  Dodge: Dodged            ||    29

Table legend: (Time is in decaauts)
 A = Elapsed time spent in this place.
 B = Non-inter-level travel time spent in this place.
 C = Inter-level travel time spent in this place.
 D = Time resting spent in this place.
 E = Time spent auto-exploring this place.
 F = Levels seen in this place.
 G = Mean time per level.
                   A        B        C        D        E       F      G
               +--------+--------+--------+--------+--------+-----+--------+
         Total |   2799 |   2769 |     30 |    400 |   1893 |   3 |  933.0 |
       Dungeon |   2799 |   2769 |     30 |    400 |   1893 |   3 |  933.0 |
               +--------+--------+--------+--------+--------+-----+--------+

Top non-repeatable levels by time:
     D:2: 1376 daAuts
     D:1: 1297 daAuts
     D:3: 124 daAuts
